 Dungeon Crawl Stone Soup version 0.32-a0-433-g08bcfe7efd (webtiles) character file.

Game seed: 6153460416587012706

46 Sobieck the Shooter (level 3, -5/28 HPs)
             Began as a Coglin Hunter on Feb 22, 2024.
             Slain by a gnoll
             ... wielding a +0 club
              (8 damage)
             ... on level 2 of the Dungeon.
             The game lasted 00:02:30 (994 turns).

Sobieck the Shooter (Coglin Hunter)                  Turns: 994, Time: 00:02:31

Health: -5/28      AC:  3    Str: 11    XL:     3   Next: 66%
Magic:  3/3        EV: 12    Int: 14    God:
Gold:   65         SH:  0    Dex: 19    Spells: 2/2 levels left

rFire   . . .        d - +0 sling {Mettia}
rCold   . . .        (no shield)
rNeg    . . .        c - +0 leather armour
rPois   .            (no helmet)
rElec   .            (no cloak)
rCorr   .            (no gloves)
SInv    .            (no boots)
Will    .....        (no amulet)
Stlth   ++           n - +6 ring of intelligence
HPRegen 0.24/turn    (no ring)
MPRegen 0.08/turn

%: no passive effects
@: no status effects
A: off-hand wielding, slow wielding, warmup strikes, legs shutdown
a: no special abilities


You were on level 2 of the Dungeon.
You visited 1 branch of the dungeon, and saw 2 of its levels.

You collected 65 gold pieces.

Inventory:

Hand Weapons
 a - a +0 shortbow {Vicente}
 d - a +0 sling (weapon) {Mettia}
Armour
 c - a +0 leather armour (worn)
 i - an orb of energy
Jewellery
 n - a +6 ring of intelligence (left grasper)
Scrolls
 e - 2 scrolls of vulnerability {unknown}
 l - a scroll of identify {unknown}
Potions
 b - a potion of lignification {unknown}
 f - a potion of haste {unknown}
 g - 2 potions of attraction {unknown}
 h - a potion of heal wounds {unknown}
 j - a potion of curing {unknown}
 k - a potion of mutation {unknown}
 m - a potion of berserk rage {unknown}


   Skills:
 + Level 2.8 Fighting
 * Level 4.4 Ranged Weapons
 - Level 1.7 Dodging
 - Level 0.7 Stealth


You had 2 spell levels left.
You didn't know any spells.
Your spell library was empty.

Dungeon Overview and Level Annotations

Branches:
Dungeon (2/15)

Altars:


Innate Abilities, Weirdness & Mutations

You can wield a second weapon in your off-hand.
It takes a long time for you to wield or remove held weapons.
Your first few attacks do less damage.
Attacking and casting redirects power from your legs.


Message History

The dart slug launches a dart at you. The slug dart misses you.
You shoot a sling bullet. The sling bullet hits the dart slug.
The dart slug is almost dead.
A gnoll comes into view.
It is wielding a +0 club and quivering 2 throwing nets.
You shoot a sling bullet.
The sling bullet hits the dart slug but does no damage.
The dart slug is almost dead.
The dart slug misses you.
Unknown command.
You cannot move.
You cannot move.
Unknown command.
You are no longer unable to travel.
The dart slug launches a dart at you.
The slug dart hits you but does no damage.
The dart slug launches a dart at you. The slug dart misses you.
The dart slug launches a dart at you. The slug dart misses you.
The gnoll throws a throwing net.
The throwing net hits you.
You become entangled in the net!
You see here a throwing net.
You struggle against the net.
You struggle against the net.
You struggle against the net.
Unknown command.
You rip the net and break free!
The gnoll hits you from afar with a +0 spear.
The gnoll attacks as it pursues you! The gnoll barely misses you.
Unknown command.
The gnoll attacks as it pursues you!
The gnoll hits you from afar with a +0 spear.
You open the door.
The gnoll hits you from afar with a +0 spear.
The gnoll attacks as it pursues you! The gnoll closely misses you.
The gnoll hits you with a +0 club. The gnoll attacks as it pursues you!
The gnoll hits you from afar with a +0 spear.
* * * LOW HITPOINT WARNING * * *
There is an open door, spattered with blood here.
The gnoll attacks as it pursues you!
The gnoll hits you from afar with a +0 spear.
* * * LOW HITPOINT WARNING * * *
The gnoll attacks as it pursues you! The gnoll hits you with a +0 club.
* * * LOW HITPOINT WARNING * * *
The gnoll attacks as it pursues you! The gnoll hits you with a +0 club.
* * * LOW HITPOINT WARNING * * *
The gnoll attacks as it pursues you! The gnoll barely misses you.
The gnoll attacks as it pursues you! The gnoll hits you with a +0 club!
You die...

# ..# # ####+ #.# #
#....... #.# # #...... #.#
# #...... #.# # #..... #.#
# .... #.#
#########.########.#######
..........g.gg.g@.......>#
##...####w########+#.###.#
........g..#.........# #.#
####.......#.........# #.#
#.......#.........# #.#
##..†.w.#........†# #.#
#......##......#.###.#
#......##.######.##..#
#.......# #...<#.##.##


You could see 4 gnolls and a dart slug.

Vanquished Creatures
  A ribbon worm (D:2)
  A bat (D:1)
  3 endoplasms
  3 goblins (D:1)
  6 hobgoblins
  4 jackals (D:1)
  2 quokkas (D:1)
  7 ball pythons
  2 frilled lizards (D:1)
  6 kobolds
  6 rats
41 creatures vanquished.

Notes
Turn   | Place    | Note
-------+----------+-------------------------------------------
     0 | D:1      | Sobieck the Coglin Hunter began the quest for the Orb.
     0 | D:1      | Reached XP level 1. HP: 16/16 MP: 1/1
   119 | D:1      | Reached XP level 2. HP: 22/22 MP: 2/2
   154 | D:1      | Reached skill level 4 in Ranged Weapons
   347 | D:1      | Reached XP level 3. HP: 28/28 MP: 3/3
   392 | D:1      | Found a faded altar of an unknown god.
   994 | D:2      | Slain by a gnoll

Illustrated notes

Levels and vault maps discovered:
D:1:      dpeg_arrival_pits, layout_basic, ebering_ecumenical_altar_webs
D:2:      layout_basic

Skill      XL: |  1  2 |
---------------+-------+-----
Ranged Weapons | 4 |  4.4
Fighting       | |  2.8
Dodging        | |  1.7
Stealth        | |  0.7

Action                     || total
---------------------------++-------
   Fire: Sling             ||   130
         Shortbow          ||     1
    Use: Scroll            ||     1
 Armour: Leather armour    ||    46
  Dodge: Dodged            ||    52

Table legend: (Time is in decaauts)
 A = Elapsed time spent in this place.
 B = Non-inter-level travel time spent in this place.
 C = Inter-level travel time spent in this place.
 D = Time resting spent in this place.
 E = Time spent auto-exploring this place.
 F = Levels seen in this place.
 G = Mean time per level.
                   A        B        C        D        E       F      G
               +--------+--------+--------+--------+--------+-----+--------+
         Total |   1026 |   1004 |     22 |     34 |    687 |   2 |  513.0 |
       Dungeon |   1026 |   1004 |     22 |     34 |    687 |   2 |  513.0 |
               +--------+--------+--------+--------+--------+-----+--------+

Top non-repeatable levels by time:
     D:1: 708 daAuts
     D:2: 317 daAuts
